Cogmind - Beta 9.6 @@@ ROGUE MODE // 2020.06.26 @ 05:31:37 Player: Atomic Cheddar Result: Destroyed by G-47 Trooper with Particle Gun Performance ------------- Evolutions (0) 0 Regions Visited (1) 200 Robots Destroyed (2) 10 Value Destroyed (68) 68 Prototype IDs (0) 0 Alien Tech Used (0) 0 Bonus (0) 0 TOTAL SCORE: 278 Bonus ------- None Cogmind --------- Core Integrity 0/250 Matter 278/300 Energy 100/100 System Corruption 0% Temperature Cool (125) Movement Core (550) Ox10 Location -10/Materials Parts ------- > --- POWER (1) -------- (None) > --- PROPULSION (2) --- (None) > --- UTILITY (2) ------ High-capacity Storage Unit > --- WEAPON (2) ------- (None) > --- INVENTORY (12) --- Ion Engine Ion Engine Aluminum Leg Aluminum Leg Large Storage Unit Large Storage Unit Peak State ------------ > --- POWER ------------ Ion Engine > --- PROPULSION ------- Wheel Wheel > --- UTILITY ---------- Small Storage Unit Large Storage Unit > --- WEAPON ----------- EM Pulse Gun Medium Laser > --- INVENTORY -------- Ion Engine Aluminum Leg Aluminum Leg Light Assault Rifle [Rating: 7] Favorites ----------- Power Ion Engine Engine Ion Engine Propulsion Wheel Wheel Wheel Utility Large Storage Unit Device Sensor Array Storage Large Storage Unit Weapon EM Pulse Gun Energy Gun EM Pulse Gun Ballistic Gun Light Assault Rifle Build | -11 -10 ------- Run | Scr Mat Slots Evolved . | . . Power . | . . Propulsion . | . . Utility . | . . Weapon . | . . Parts Attached 12 | 6 6 Power 2 | 1 1 Engine 2 | 1 1 Core . | . . Reactor . | . . Propulsion 2 | 2 . Treads . | . . Leg . | . . Wheel 2 | 2 . Hover . | . . Flight . | . . Utility 5 | 1 4 Device 1 | . 1 Storage 4 | 1 3 Processor . | . . Hackware . | . . Protection . | . . Artifact . | . . Weapon 3 | 2 1 Energy Gun 2 | 2 . Energy Cannon . | . . Ballistic Gun 1 | . 1 Ballistic Cannon . | . . Launcher . | . . Special Weapon . | . . Impact Weapon . | . . Slashing Weapon . | . . Piercing Weapon . | . . Special Melee Weapon . | . . Unidentified Prototypes . | . . Parts Lost 7 | . 7 Power 1 | . 1 Propulsion 2 | . 2 Utility 1 | . 1 Weapon 3 | . 3 Highest Loss Streak 7 | . 7 Average Slot Usage (%) 89 | . 89 Engine 12 | . 12 Wheel 25 | . 25 Device 8 | . 8 Storage 16 | . 16 Energy Gun 24 | . 24 Naked Turns . | . . Heaviest Build 41 | 13 41 Greatest Support 20 | 20 20 Greatest Overweight (x) 2 | . 2 Average Overweight (x) . | . . Largest Inventory Capacity 16 | 6 16 Average Capacity 9 | 5 10 Most Carried 7 | 4 7 Average Carried 4 | 2 5 Final Capacity 12 | 6 12 Final Carried 6 | 4 6 Class Distribution -------------------- 100% | Mutant Dominant Class ---------------- Mutant | -10/Materials Resources | -11 -10 ----------- Run | Scr Mat Matter Collected 265 | 217 48 Remotely . | . . Salvage Created 96 | . 96 Parts 6 | . 6 Haulers Intercepted . | . . Recyclers Shooed . | . . Parts Field Recycled . | . . Retrieved Matter . | . . Parts Self-Destructed . | . . Prevented . | . . Kills | -11 -10 ------- Run | Scr Mat Combat Hostiles Destroyed 2 | . 2 Guns 2 | . 2 Classes Destroyed 1 | . 1 Grunt 2 | . 2 Best Kill Streak 2 | . 2 Combat Bots Only 2 | . 2 Max Kills in Single Turn 1 | . 1 Gunslinging . | . . Exploded . | . . Melee . | . . Uniques/NPCs Destroyed . | . . Combat | -11 -10 -------- Run | Scr Mat Damage Taken 660 | . 660 Core 258 | . 258 Absorbed by Shields . | . . Core Remaining (%) 100 | 100 . Volleys Fired 14 | . 14 Largest 2 | . 2 Hottest 90 | . 90 Shots Fired 17 | . 17 Gun 17 | . 17 Cannon . | . . Launcher . | . . Special . | . . Kinetic 7 | . 7 Thermal 7 | . 7 Explosive . | . . Electromagnetic 3 | . 3 Robot Hit Streak 10 | . 10 Robot Miss Streak 2 | . 2 Penetration Max . | . . Secondary Targets 1 | . 1 Max Gunslinging Chain 1 | . 1 Shots Hit Robots 14 | . 14 Core Hits 6 | . 6 Critical Hits . | . . Critical Kills . | . . Critical Parts Destroyed . | . . Melee Attacks . | . . Impact . | . . Slashing . | . . Piercing . | . . Sneak Attacks . | . . Combat Hostiles . | . . Follow-up Attacks . | . . Damage Inflicted 168 | . 168 Guns 167 | . 167 Cannons . | . . Explosions . | . . Melee . | . . Ramming 1 | . 1 Kinetic 51 | . 51 Thermal 74 | . 74 Explosive . | . . Electromagnetic 42 | . 42 Impact . | . . Slashing . | . . Piercing . | . . Highest Corruption . | . . Average Corruption . | . . Corruption Purged . | . . Overload Shots . | . . Overflow Damage . | . . Projectiles . | . . Explosions . | . . Melee . | . . Knockbacks . | . . Impact . | . . Kinetic . | . . Secondary . | . . Self-Inflicted Damage . | . . Shots . | . . Rammed 1 | . 1 Targets Rammed 1 | . 1 Kicked . | . . Crushed . | . . Highest Temperature 256 | . 256 Average Temperature 170 | . 170 Received Heat Transfer 375 | . 375 Siege Activations . | . . Robots Corrupted . | . . Combat Hostiles . | . . Parts Fried . | . . Impact Corruptions . | . . Robots Melted . | . . Combat Hostiles . | . . Parts Melted . | . . Heat Transferred 222 | . 222 Parts Sabotaged . | . . Parts Stolen . | . . Parts Stripped . | . . Power Chain Reactions . | . . Missiles Intercepted . | . . Alert | -11 -10 ------- Run | Scr Mat Peak Influence 75 | . 75 Average Influence 16 | . 22 Maximum Alert Level . | . . Low Security (%) 100 | 100 100 Level 1 . | . . Level 2 . | . . Level 3 . | . . Level 4 . | . . Level 5 . | . . High Security . | . . Max Security . | . . Squads Dispatched 2 | . 2 Investigation . | . . Extermination . | . . Reinforcement 2 | . 2 Assault . | . . Garrison . | . . Intercept . | . . Construction Impeded . | . . Haulers Reinforced . | . . Stealth | -11 -10 --------- Run | Scr Mat Distress Signals 1 | . 1 Communications Jammed . | . . Distress Signals . | . . Times Spotted 11 | . 11 Peak Tracking Total 8 | . 8 Tactical Retreats 1 | . 1 Traps | -11 -10 ------- Run | Scr Mat Traps Triggered . | . . Indirectly . | . . Trap Hack Attempts . | . . Triggered . | . . Disarmed . | . . Reprogrammed . | . . Reused . | . . Traps Extracted . | . . Installed . | . . Triggered . | . . Machines | -11 -10 ---------- Run | Scr Mat Machines Disabled . | . . Max in Single Turn . | . . Machines Sabotaged . | . . Garrisons Compromised . | . . Overloaded Fab Kills . | . . Fab Network Shutdowns . | . . Hacking | -11 -10 --------- Run | Scr Mat Machines Accessed . | . . Terminals . | . . Fabricators . | . . Repair Stations . | . . Recycling Units . | . . Scanalyzers . | . . Garrison Access . | . . Total Hacks . | . . Successful . | . . Failed . | . . Catastrophic . | . . Database Lockouts . | . . Manual . | . . Terminals . | . . Fabricators . | . . Repair Stations . | . . Recycling Units . | . . Scanalyzers . | . . Garrison Access . | . . Terminal Hacks . | . . Fabricator Hacks . | . . Repair Station Hacks . | . . Recycling Unit Hacks . | . . Scanalyzer . | . . Garrison Access Hacks . | . . Unauthorized Hacks . | . . Terminals . | . . Fabricators . | . . Repair Stations . | . . Recycling Units . | . . Scanalyzers . | . . Garrison Access . | . . Data Cores Recovered . | . . Used . | . . Hacking Detections . | . . Full Trace Events . | . . Feedback Events . | . . Feedback Blocked . | . . Robot Schematics Acquired . | . . Robots Built . | . . Matter . | . . Time . | . . Total Robot Build Rating . | . . Part Schematics Acquired . | . . Parts Built . | . . Matter . | . . Time . | . . Total Part Build Rating . | . . Parts Repaired . | . . Time . | . . Parts Recycled . | . . Recycled Matter . | . . Retrieved Matter . | . . Retrieved Components . | . . Parts Scanalyzed . | . . Part Schematics Acquired . | . . Parts Damaged . | . . Bothacking | -11 -10 ------------ Run | Scr Mat Used RIF Installer . | . . Robots Hacked . | . . Non-combat . | . . Combat . | . . Robot Hacks Applied . | . . Relay Couplers Released . | . . Robots Rewired . | . . Allies Hacked . | . . Hacks Repelled . | . . Allies | -11 -10 -------- Run | Scr Mat Total Allies . | . . Largest Group . | . . Highest-Rated Group . | . . Highest-Rated Ally . | . . Total Orders . | . . Ally Attacks . | . . Total Damage . | . . Kills . | . . Allies Corrupted . | . . Allies Melted . | . . Intel | -11 -10 ------- Run | Scr Mat Robot Analysis Total . | . . Derelict Logs Recovered . | . . Drone Launches . | . . Drone Recoveries . | . . Exploration | -11 -10 ------------- Run | Scr Mat Turns Passed 263 | 71 192 Spaces Moved 196 | 69 127 Core 1 | 1 . Treads . | . . Legs . | . . Wheels 195 | 68 127 Hover . | . . Flight . | . . Fastest Speed 50 | 50 80 Average Speed 85 | 79 88 Slowest Speed 100 | 80 100 Overloaded Moves . | . . Propulsion Burnouts . | . . Robots Hopped . | . . Cave-ins Triggered . | . . Exploration Rate (%) 14 | 4 25 Regions Visited 1 Branch Regions . Pre-discovered Areas . | . . Known Exits Taken . | . . Unknown Exits Taken 1 | 1 . Scrap Searched . | . . Spaces Dug . | . . Terrain Destroyed . | . . Melee . | . . Projectile . | . . AOE . | . . Actions | -11 -10 --------- Run | Scr Mat Total 266 | 81 185 Wait 37 | 3 34 Move 195 | 68 127 Hop . | . . Pick Up 4 | 4 . Fast Attach 9 | 6 3 Attach 1 | . 1 Detach 2 | . 2 Swap 2 | . 2 Drop 1 | . 1 Fire 14 | . 14 Melee . | . . Ram 1 | . 1 Kick . | . . Crush . | . . Escape Stasis . | . . Rewire . | . . Trap . | . . Miscellaneous . | . . Route ------- -11/Scrapyard -10/Materials History --------- Turn | Location | Event 27 | -11/Scrapyard | Discovered new exit (range 15) 72 | -11/Scrapyard | Entered Materials 249 | -10/Materials | Core integrity fell below 50% 261 | -10/Materials | Core integrity fell below 20% 264 | -10/Materials | Destroyed by G-47 Trooper with Particle Gun Last Messages --------------- G-34 Mercenary destroyed. Switching to secondary target: G-34 Mercenary. Wheel destroyed. EM Pulse Gun destroyed. K-01 Serf collects debris. G-34 Mercenary destroyed. Med. Laser destroyed. K-01 Serf collects debris. Lgt. Ion Engine destroyed. K-01 Serf collects debris. Sensor Array destroyed. K-01 Serf collects debris. Wheel destroyed. [Achievement: Crack Shot] K-01 Serf collects debris. Slammed into G-47 Trooper. Acquired 48 matter. Lgt. Assault Rifle destroyed. G-34 Mercenary destroyed. K-01 Serf collects debris. Map ----- +----------------------------------------------------+ | ????????????????????????????????????? | | ????????????????????????????????????? | | ????????????????????????????????????? | | ????????????????????????????????????? | | ????????????????????????????????????? | | ????????????????????????????????????? | | ????????????????????????????????????? | | ????????????????????????????????????? | | ????????????????????????????????????? | | ????????????????????????????????????? | | ????????????????????????????????????? | | ????????????????????????????????????? | | ????????????????????????????????????? | | ????????????????????????????????????? | | ????????????????????????????????????? | | ????????????????????????????????????? | | ????????????????????????????????????? | | ????????????????????????????????????? | | ????????????????????????????????????? | | ????????????????????????????????????? | | ????##########??????????????????????? | | ????# #??????????????????????? | | ????#! !=![#######????????????????? | | ????# !=k%# #######+###+##???? | | ????# ==*!# #???? | | ????# =g@gk #???? | | ????#"" """=g#g #???? | | ????#"T """[%# ########?# #???? | | ????#"" """ ## ########### #???? | | ????# ## # # #???? | | ????########### # = # #???? | | ?????########## + """ / #???? | | ?????# # """"" # #???? | | ??####+##+####### # """"" # #???? | | ?##!! #???# # """"" # ??? | | ?#! """#???# # """ # ? | | ?#! R"#???# # # | | ?# """#???# ########### # | | ?#! #???# #?????????# #### | | ?##!! #???# #?????????# ??? | | ??########+##???# #?????????? ?? | | ?????????# #????# #?????????? ?? | | ?????????# #????? ??????????? !! ? | | ?????????# #????? ??????????? ! | | #######??# #????? ??????????? ? | | # ?# #?????+??????????? ??? | | # ?# #????? ??????????? ????? | | # # ###??? ??????????????????? | | # [= # #??????????????????????? | | # [= + #??????????????????????? | +----------------------------------------------------+ Best States ------------- Heat Dissipation 25 Energy Generation 10 Energy Capacity 250 Matter Stores 278 Matter Capacity 300 Sight Range 16 Robot Scan Range 10 Terrain Scan Density 10 Evasion (%) 44 Item Schematics ----------------- None Robot Schematics ------------------ None Fabricated ------------ Nothing Alien Tech Used ----------------- None Achievements -------------- Crack Shot Challenges ------------ None Game ------ Seed TerrabombNuclearSink Manual? 0 Play Time 00:10:34 Cumulative 6.7 hours Start 2020.06.26 @ 05:19:43 End 2020.06.26 @ 05:31:37 Sessions 1 Manual Loads 0 Difficulty Rogue Special Mode None Game No. 8 Rogue 8 Adventurer 0 Explorer 0 Win Type - Total 0 Types 0/0/0/0/0/0/0 Lore% 16 Gallery% 12 Achievement% 3 Wizard Run 0 Options --------- ASCII 0 Keyboard 0 Movement Mouse Keybinds 0 Fullscreen 1 Font 18/SmallcapsGlow Map View 76x50 Tactical HUD 0 Map Filters NONE Filters NONE Steam 1 RUN: 5568239c-eaea-4ea2-92ae-6ee02591f69e